 Dungeon Crawl Stone Soup version 0.27-a0-1359-ga2a4dfd6fd (webtiles) character file.

Game seed: 1578841195672234408

109470 Hellonello the Severer (level 16, -19/149 HPs)
             Began as a Black Draconian Brigand on June 28, 2021.
             Was a High Priest of the Shining One.
             Demolished by a balrug (20 damage)
             ... summoned by Asterion
             ... on level 4 of the Lair of Beasts.
             The game lasted 01:04:57 (33229 turns).

Hellonello the Severer (Black Draconian Brigand)   Turns: 33229, Time: 01:04:58

Health: -19/149    AC: 15    Str: 24    XL:     16   Next: 5%
Magic:  16/16      EV: 21    Int: 18    God:    the Shining One [*****.]
Gold:   1478       SH:  7    Dex: 18    Spells: 15/15 levels left

rFire    . . .     SeeInvis .   p - +3 war axe (venom)
rCold    + . .     Faith    +   x - +2 buckler of Gravity {Drain +Blink Dex+7 Stlth+}
rNeg     + + .     Spirit   .   (armour unavailable)
rPois    +         Reflect  .   h - +2 hat
rElec    +         Harm     .   b - +1 cloak
rCorr    +         Rampage  .   (no gloves)
Will     +....                  q - +1 pair of boots
Stlth    ++........             N - amulet "Zaikly" {Faith rPois Regen+ Dex-2}
HPRegen  1.34/turn              F - ring "Weobicle" {rCorr Str+4 Int+6 Slay+2}
MPRegen  0.15/turn              J - ring of protection from cold

@: about to teleport, flying, glowing, studying Polearms
A: breathe lightning, AC +9, unfitting armour, big wings, electricity
resistance, cold-blooded, hooves 1, horns 1
a: Breathe Lightning, Renounce Religion, Evoke Blink, Divine Shield, Cleansing
Flame, Summon Divine Warrior


You were on level 4 of the Lair of Beasts.
You worshipped the Shining One.
The Shining One was extremely pleased with you.
You visited 4 branches of the dungeon, and saw 23 of its levels.
You also visited: Gauntlet.

You collected 1478 gold pieces.

Inventory:

Hand Weapons
 m - a +6 demon trident of electrocution
 p - a +3 war axe of venom (weapon)
 s - a +0 broad axe
 D - the +4 flail "Sinini" {flame, rC+ Stlth+}
   (You found it on level 1 of the Lair of Beasts)

   It has been specially enchanted to burn those struck by it, causing extra
   injury to most foes and up to half again as much damage against particularly
   susceptible opponents.
   rC:        It protects you from cold.
   Stlth:     It makes you more stealthy.
Missiles
 c - 133 poisoned darts (quivered)
 d - 9 curare-tipped darts
Armour
 b - a +1 cloak (worn)
 g - a scarf of harm
 h - a +2 hat (worn)
 q - a +1 pair of boots (worn)
 x - the +2 buckler of Gravity (worn) {Drain +Blink Dex+7 Stlth+}
   (You found it on level 8 of the Dungeon)

   Dex:       It affects your dexterity (+7).
   +Blink:    It lets you blink.
   Drain:     It drains your maximum health when unequipped.
   Stlth:     It makes you more stealthy.
 A - the +2 pair of gloves "Suuch" {+Blink rF- Str-5 Dex+10}
   (You found it in a Gauntlet)

   Str:       It affects your strength (-5).
   Dex:       It affects your dexterity (+10).
   rF:        It makes you vulnerable to fire.
   +Blink:    It lets you blink.
Jewellery
 a - a ring of positive energy
 e - a +4 ring of protection
 F - the ring "Weobicle" (left hand) {rCorr Str+4 Int+6 Slay+2}
   (You acquired it on level 6 of the Lair of Beasts)

   [ring of intelligence]

   Str:       It affects your strength (+4).
   Int:       It affects your intelligence (+6).
   Slay:      It affects your accuracy & damage with ranged weapons and melee
   (+2).
   rCorr:     It protects you from acid and corrosion.
 J - a ring of protection from cold (right hand)
 M - the ring of Asifau {rElec Will+ Str+2}
   (You found it on level 6 of the Lair of Beasts)

   [ring of willpower]

   Str:       It affects your strength (+2).
   rElec:     It insulates you from electricity.
   Will:      It increases your willpower.
 N - the amulet "Zaikly" (around neck) {Faith rPois Regen+ Dex-2}
   (You found it in a Gauntlet)

   [amulet of faith]

   It allows you to gain divine favour quickly.Dex: It affects your dexterity
   (-2).
   rPois:     It protects you from poison.
   Regen:     It increases your rate of health regeneration.
 Q - an amulet of the acrobat
Wands
 n - a wand of iceblast (22)
 r - a wand of digging (4)
 G - a wand of flame (67)
Scrolls
 j - 2 scrolls of vulnerability
 k - a scroll of fear
 l - a scroll of enchant armour
 t - 3 scrolls of fog
 u - 3 scrolls of blinking
 y - 4 scrolls of magic mapping
 z - 3 scrolls of teleportation
 E - 2 scrolls of silence
 H - 4 scrolls of amnesia
 K - 12 scrolls of identify
 O - a scroll of holy word
 P - a scroll of brand weapon
Potions
 f - 3 potions of magic
 i - 5 potions of heal wounds
 o - 2 potions of lignification
 v - a potion of ambrosia
 B - 3 potions of brilliance
 L - 7 potions of mutation


   Skills:
 - Level 15.0 Fighting
 - Level 2.0 Short Blades
 - Level 16.1(18.0) Axes
 - Level 1.3(10.9) Maces & Flails
 - Level 14.0(16.9) Polearms
 - Level 1.7 Throwing
 + Level 13.9 Dodging
 - Level 3.6 Stealth
 - Level 4.0 Shields


You had 15 spell levels left.
You didn't know any spells.
Your spell library contained the following spells:

 Spells                   Type           Power      Damage    Failure   Level
 Animate Skeleton         Necr           0%         N/A       22%         1
 Apportation              Tloc           0%         N/A       22%         1
 Beastly Appendage        Tmut           0%         N/A       22%         1
 Corona                   Hex            0%         N/A       22%         1
 Freeze                   Ice            0%         1d3       22%         1
 Magic Dart               Conj           0%         1d3       22%         1
 Summon Small Mammal      Summ           0%         N/A       22%         1
 Ensorcelled Hibernation  Hex/Ice        0%         N/A       32%         2
 Searing Ray              Conj           0%         3d3       32%         2
 Wereblood                Tmut           0%         N/A       32%         2
 Confusing Touch          Hex            0%         N/A       54%         3
 Dazzling Flash           Conj/Hex       0%         N/A       54%         3
 Frozen Ramparts          Ice            0%         1d2       54%         3
 Gell's Gravitas          Tloc           0%         N/A       54%         3
 Ozocubu's Armour         Ice            0%         N/A       54%         3
 Spider Form              Tmut/Pois      0%         N/A       54%         3
 Tukima's Dance           Hex            0%         N/A       54%         3
 Fulminant Prism          Conj/Hex       0%         3d6       91%         4
 Hailstorm                Conj/Ice       0%         3d3       91%         4
 Ice Form                 Ice/Tmut       0%         N/A       91%         4
 Iskenderun's Mystic Bla  Conj/Tloc      0%         2d3       91%         4
 Petrify                  Tmut/Erth      0%         N/A       91%         4
 Metabolic Englaciation   Hex/Ice        0%         N/A       99%         5
 Yara's Violent Unravell  Hex/Tmut       0%         3d3       99%         5


Dungeon Overview and Level Annotations

Branches:
Dungeon (15/15)            Temple (1/1) D:7            Lair (6/6) D:8
 Shoals (0/4) Lair:4       Spider (1/4) Lair:4        Slime (0/5) Lair:5
    Orc (0/2) D:11         Vaults (0/5) D:14         Depths (0/5) D:15
Gauntlet (visited)

Altars:
Ashenzari
Cheibriados
Dithmenos
Elyvilon
Fedhas
Gozag
Hepliaklqana
Kikubaaqudgha
Makhleb
Nemelex Xobeh
Okawaru
Qazlal
Ru
Sif Muna
Trog
Uskayaw
Vehumet
Wu Jian
Xom
Yredelemnul
Zin
The Shining One
Jiyva

Shops:
D:6 *   D:7 :

Annotations:
Lair:1 exclusion: door
Lair:3 exclusion: oklob plant
Lair:4 Asterion


Innate Abilities, Weirdness & Mutations

You can breathe wild blasts of lightning.
Your glossy black scales are hard. (AC +9)
You cannot fit into any form of body armour.
Your large and strong wings let you fly.
You are resistant to electric shocks. (rElec)
You are cold-blooded and may be slowed by cold attacks.
You have large cloven feet.
You have a pair of small horns on your head.


Message History

The demonic crawler hits you but does no damage.
The demonic crawler closely misses you.
The demonic crawler hits you but does no damage.
Asterion prays to Makhleb.
As you read the scroll of teleportation, it crumbles to dust.
You feel strangely unstable.
You feel very sick.
Asterion hits you with a +5 morningstar of venom!!
Asterion gores you but does no damage.
The demonic crawler hits you but does no damage.
The demonic crawler misses you.
The demonic crawler completely misses you.
The balrug hits you with a +0 demon whip.
You are engulfed in flames!
You block Asterion's attack. Asterion misses you.
The demonic crawler misses you. You block the demonic crawler's attack.
The demonic crawler hits you but does no damage.
Asterion blocks your attack.
You tail-slap Asterion, but do no damage.
Asterion is lightly wounded.
You hit the demonic crawler but do no damage.
You slash the balrug!
You feel very sick.
Asterion snorts and paws the ground.
Asterion hits you with a +5 morningstar of venom!
You are more poisoned.
Asterion gores you but does no damage.
The demonic crawler closely misses you. x2
The demonic crawler misses you. The balrug gestures at you.
The bolt of fire hits you.
You feel better.
Asterion hits you with a +5 morningstar of venom!!
* * * LOW HITPOINT WARNING * * *
Asterion gores you!
* * * LOW HITPOINT WARNING * * *
The demonic crawler completely misses you.
The demonic crawler barely misses you. The demonic crawler closely misses you.
The balrug hits you with a +0 demon whip!
* * * LOW HITPOINT WARNING * * *
You are engulfed in flames!!
You die...

..........#.^#..^....##.##
..........#^..#......^...#
............#..#^..^#...##
............#..#...^#...#
..........###^...^#^#..##
###.##....###.≈.≈....##.#
#####......#..≈≈≈≈≈.^####
.#P..#P...###.≈2..≈^##
#.....+....##.'H@s'.####
....P##....######.####.#
#...........#########.##
##.#.#.......##...##..#
##.#..#.^....#.#..#...#
#.+###.......###..##..#
......................#
≈.....................#
≈≈....................###


You could see Asterion (fast, very poisoned), a balrug (summoned) and a demonic
crawler (very poisoned).

Vanquished Creatures
  Frances (D:13)
  A tengu reaver (D:14)
  A quicksilver ooze (shapeshifter) (D:14)
  A stone giant (D:15)
  A minotaur (Gauntlet)
  A dire elephant (Gauntlet)
  2 ettins (D:14)
  A fire dragon (D:14)
  2 yaktaur captains
  3 hydras
  An ogre mage (D:14)
  2 catoblepae
  Erolcha (D:13)
  4 boulder beetles
  A merfolk avatar (Lair:6)
  7 centaur warriors
  Erica (D:9)
  7 two-headed ogres
  18 death yaks
  3 tengu warriors
  A wretched star (Gauntlet)
  A fire crab (Gauntlet)
  2 sea snakes (Lair:6)
  A deep troll (D:14)
  A deep troll (shapeshifter) (D:10)
  A deep elf archer (D:14)
  An orc knight (D:15)
  3 wolf spiders
  A harpy (Lair:5)
  A deep elf pyromancer (D:14)
  3 orb spiders
  4 ugly things
  2 necromancers (D:15)
  5 cyclopes
  2 manticores
  A moth of wrath (Gauntlet)
  2 black mambas
  A merfolk siren (Lair:4)
  2 gargoyles
  13 elephants
  Maggie (D:6)
  2 torpor snails (Lair:5)
  2 rime drakes (Lair:6)
  20 cane toads
  A minotaur zombie (Gauntlet)
  3 unseen horrors
  2 kobold demonologists
  6 yaktaurs
  2 tengu conjurers
  2 freezing wraiths (D:14)
  4 demonic crawlers (Spider:1)
  An efreet (D:13)
  10 komodo dragons
  7 jumping spiders (Spider:1)
  5 polar bears
  4 trolls
  A wind drake (Lair:6)
  5 hornets
  9 slime creatures
  4 dream sheep (Lair:6)
  18 blink frogs
  9 redbacks (Spider:1)
  A shadow (D:13)
  A water elemental (D:15)
  31 yaks
  4 tarantellas
  11 wyverns
  A fire elemental (Lair:6)
  A vampire (D:12)
  2 basilisks
  6 fire bats (Gauntlet)
  4 wraiths (D:11)
  A neqoxec (Gauntlet)
  A steam dragon (D:9)
  6 vampire mosquitoes
  3 acid dragons
  16 water moccasins
  A hell hound (Gauntlet)
  A swamp drake (D:11)
  8 orc warriors
  2 ice beasts
  A sky beast (D:6)
  A sky beast (shapeshifter) (D:14)
  2 ogres
  2 necrophages
  2 black bears
  11 centaurs
  43 wolves
  A phantom (D:8)
  7 kobold brigands
  Blork the orc (D:6)
  11 bullfrogs
  2 scorpions
  A water moccasin zombie (D:4)
  19 killer bees (D:9)
  5 electric eels
  7 howler monkeys
  A crimson imp (D:5)
  3 jellies
  5 orc priests
  5 centaur zombies
  A bullfrog skeleton (D:7)
  4 hounds
  A centaur skeleton (D:7)
  2 iguanas
  7 orc wizards
  Natasha (thrice) (D:4)
  3 howler monkey zombies
  4 gnolls
  5 adders
  2 white imps (D:5)
  A worm (D:2)
  A dart slug (D:2)
  43 orcs
  2 bats (D:2)
  6 endoplasms
  8 goblins
  4 hobgoblins
  8 jackals (D:1)
  4 quokkas
  5 ball pythons
  3 frilled lizards
  25 kobolds
  3 rats
601 creatures vanquished.

Vanquished Creatures (others)
  An unseen horror (D:12)
  A redback (Spider:1)
  31 fungi
  107 plants
140 creatures vanquished.

Grand Total: 741 creatures vanquished

Notes
Turn   | Place    | Note
-------+----------+-------------------------------------------
     0 | D:1      | Hellonello the Draconian Brigand began the quest for the
                  | Orb.
     0 | D:1      | Reached XP level 1. HP: 17/17 MP: 1/1
    54 | D:1      | Reached skill level 1 in Dodging
   212 | D:1      | Reached XP level 2. HP: 25/25 MP: 2/2
   321 | D:1      | Found a faded altar of an unknown god.
   938 | D:1      | Reached XP level 3. HP: 28/31 MP: 3/3
  2762 | D:2      | Reached XP level 4. HP: 34/40 MP: 4/4
  3433 | D:3      | Reached XP level 5. HP: 47/47 MP: 5/5
  3550 | D:3      | Noticed an ice beast
  3559 | D:3      | Killed an ice beast
  3742 | D:3      | Identified a scroll of acquirement
  3742 | D:3      | Acquired a +2 hat
  3800 | D:4      | Reached skill level 5 in Fighting
  3800 | D:4      | Reached XP level 6. HP: 34/56 MP: 6/6
  3941 | D:4      | Noticed Natasha
  3962 | D:4      | Killed Natasha
  4151 | D:4      | Noticed Natasha
  4168 | D:4      | Killed Natasha
  4187 | D:4      | Noticed Natasha
  4444 | D:4      | Killed Natasha
  4943 | D:5      | Entered Level 5 of the Dungeon
  5154 | D:5      | Reached skill level 1 in Maces & Flails
  5176 | D:5      | Acquired a +2 demon trident of electrocution
  5221 | D:5      | Reached skill level 1 in Polearms
  5221 | D:5      | Your scales start taking on a glossy black colour.
  5221 | D:5      | Reached XP level 7. HP: 62/62 MP: 7/7
  5221 | D:5      | Gained mutation: You are resistant to electric shocks.
                  | (rElec) [Black Draconian growth]
  5748 | D:6      | Noticed Maggie
  6104 | D:6      | Reached skill level 5 in Polearms
  6153 | D:6      | Reached XP level 8. HP: 70/70 MP: 8/8
  6284 | D:6      | Noticed Blork the orc
  6498 | D:6      | Killed Blork the orc
  6598 | D:6      | Killed Maggie
  6856 | D:6      | Found Caemufet's Gadget Gallery.
  7501 | D:6      | Reached XP level 9. HP: 75/75 MP: 9/9
  8254 | D:7      | Found a staircase to the Ecumenical Temple.
  8265 | D:7      | Reached skill level 10 in Polearms
  8539 | Temple   | Entered the Ecumenical Temple
  8714 | Temple   | Became a worshipper of the Shining One
  9247 | D:7      | Found Omi Orug's Book Shop.
  9515 | D:8      | Noticed a two-headed ogre
  9521 | D:8      | Killed a two-headed ogre
  9682 | D:8      | Reached XP level 10. HP: 66/83 MP: 10/10
 10354 | D:8      | Found a staircase to the Lair.
 10445 | D:8      | Identified the +2 buckler of Gravity {Drain +Blink Dex+7
                  | Stlth+}
 10573 | D:8      | Found a blossoming altar of Fedhas.
 10699 | D:8      | Found a shadowy altar of Dithmenos.
 10905 | D:9      | Reached skill level 1 in Shields
 11237 | D:9      | Reached * piety under the Shining One
 11253 | D:9      | Reached skill level 5 in Dodging
 11976 | D:9      | Noticed Erica
 11991 | D:9      | Killed Erica
 11992 | D:8      | Found a sparkling altar of Nemelex Xobeh.
 11992 | D:8      | Found an ancient bone altar of Kikubaaqudgha.
 11992 | D:8      | Found a bloodstained altar of Trog.
 12402 | D:10     | Entered Level 10 of the Dungeon
 12671 | D:10     | Noticed a guardian serpent
 12676 | D:10     | Noticed a swamp dragon
 12676 | D:10     | a guardian serpent changed into a swamp dragon
 12677 | D:10     | Noticed a deep troll
 12677 | D:10     | a swamp dragon changed into a deep troll
 12686 | D:10     | Killed a deep troll
 13157 | D:10     | Reached XP level 11. HP: 86/92 MP: 11/11
 14038 | D:11     | Found a staircase to the Orcish Mines.
 14251 | D:11     | Noticed a two-headed ogre
 14263 | D:11     | Killed a two-headed ogre
 15114 | D:11     | Noticed a two-headed ogre
 15119 | D:11     | Reached ** piety under the Shining One
 15126 | D:11     | Killed a two-headed ogre
 15340 | D:11     | Noticed a two-headed ogre
 15349 | D:11     | Killed a two-headed ogre
 16538 | D:11     | Reached skill level 1 in Axes
 16547 | D:11     | Reached XP level 12. HP: 67/106 MP: 12/12
 16763 | D:12     | Noticed a two-headed ogre
 16770 | D:12     | Killed a two-headed ogre
 16771 | D:12     | Reached skill level 10 in Fighting
 16881 | D:12     | Reached skill level 2 in Axes
 17111 | D:12     | Noticed a two-headed ogre
 17122 | D:12     | Killed a two-headed ogre
 17123 | D:12     | Reached skill level 3 in Axes
 17406 | D:12     | Reached *** piety under the Shining One
 17416 | D:12     | Reached skill level 4 in Axes
 17953 | D:12     | Noticed a boulder beetle
 17968 | D:12     | Killed a boulder beetle
 17969 | D:12     | Reached skill level 5 in Axes
 18198 | D:12     | Noticed a two-headed ogre
 18208 | D:12     | Killed a two-headed ogre
 18494 | D:13     | Noticed a boulder beetle
 18505 | D:13     | Noticed Frances
 18834 | Lair:1   | Entered Level 1 of the Lair of Beasts
 18905 | Lair:1   | Reached skill level 6 in Axes
 19302 | Lair:1   | Reached skill level 10 in Dodging
 19437 | Lair:1   | Identified the +4 flail "Sinini" {flame, rC+ Stlth+}
 19448 | Lair:1   | Reached skill level 7 in Axes
 20017 | Lair:1   | Noticed an eight-headed hydra
 20030 | Lair:1   | Reached skill level 8 in Axes
 20626 | Lair:2   | Identified the +6 long sword "Eviscerator" {vorpal, rN+}
 20763 | Lair:2   | Reached XP level 13. HP: 104/113 MP: 13/13
 21807 | Lair:2   | Reached skill level 9 in Axes
 22623 | Lair:3   | Acquired a manual of Axes
 22905 | Lair:4   | Reached skill level 10 in Axes
 23341 | Lair:4   | Reached **** piety under the Shining One
 23366 | Lair:4   | Reached skill level 11 in Axes
 23683 | Lair:4   | Found a staircase to the Shoals.
 23804 | Lair:4   | Reached skill level 12 in Axes
 24025 | Lair:4   | Found a hole to the Spider Nest.
 24780 | Lair:5   | Found a gate leading to a gauntlet.
 24785 | Gauntlet | Entered a Gauntlet
 24785 | Gauntlet | Found a transporter.
 24854 | Gauntlet | Found a transporter.
 24857 | Gauntlet | Found a transporter.
 24858 | Gauntlet | Found a transporter.
 24869 | Gauntlet | Found a transporter.
 24869 | Gauntlet | Found a transporter.
 24870 | Gauntlet | Found a transporter.
 24879 | Gauntlet | Found a transporter.
 24881 | Gauntlet | Found a transporter.
 24882 | Gauntlet | Found a transporter.
 24893 | Gauntlet | Found a transporter.
 24893 | Gauntlet | Found a transporter.
 24894 | Gauntlet | Found a transporter.
 24902 | Gauntlet | Found a transporter.
 24903 | Gauntlet | Noticed a dire elephant
 25395 | Gauntlet | Identified the +2 pair of gloves "Suuch" {+Blink rF- Str-5
                  | Dex+10}
 25783 | Gauntlet | Gained mutation: You are clumsy. (Dex -2) [a neqoxec]
 25842 | Gauntlet | Lost mutation: You are clumsy. (Dex -2) [potion of
                  | mutation]
 25842 | Gauntlet | Gained mutation: You have a pair of small horns on your
                  | head. [potion of mutation]
 25842 | Gauntlet | Gained mutation: You have large cloven feet. [potion of
                  | mutation]
 25850 | Gauntlet | Identified the amulet "Zaikly" {Faith rPois Regen+ Dex-2}
 25877 | Gauntlet | Killed a dire elephant
 25882 | Gauntlet | Reached skill level 13 in Axes
 26059 | Gauntlet | Noticed a minotaur
 26093 | Gauntlet | Killed a minotaur
 26094 | Gauntlet | Gained mutation: Your large and strong wings let you fly.
                  | [Black Draconian growth]
 26094 | Gauntlet | Reached XP level 14. HP: 99/124 MP: 12/14
 26499 | Lair:5   | Found a viscous altar of Jiyva.
 26499 | Lair:5   | Found a staircase to the Slime Pits.
 27113 | Lair:6   | Entered Level 6 of the Lair of Beasts
 27135 | Lair:6   | Reached skill level 14 in Axes
 27598 | Lair:6   | Reached skill level 15 in Axes
 27626 | Lair:6   | Acquired the ring "Weobicle" {rCorr Str+4 Int+6 Slay+2}
 28117 | Lair:6   | Reached XP level 15. HP: 99/135 MP: 15/15
 28281 | Lair:6   | Identified the ring of Asifau {rElec Will+ Str+2}
 28864 | D:13     | Killed Frances
 28987 | D:13     | Noticed Erolcha
 28995 | D:13     | Killed Erolcha
 29164 | D:13     | You are sucked into a shaft and drop 2 floors!
 29164 | D:15     | Entered Level 15 of the Dungeon
 29676 | D:14     | Found a hide-covered altar of Uskayaw.
 29679 | D:14     | Found a gate to the Vaults.
 30320 | D:14     | Reached ***** piety under the Shining One
 30344 | D:14     | Noticed a tengu reaver
 30359 | D:14     | Killed a tengu reaver
 30371 | D:14     | Reached skill level 16 in Axes
 31846 | D:15     | Found a staircase to the Depths.
 32436 | Spider:1 | Entered Level 1 of the Spider Nest
 32647 | Spider:1 | Reached XP level 16. HP: 116/147 MP: 16/16
 32650 | Spider:1 | Reached skill level 15 in Fighting
 32803 | Spider:1 | Noticed Asterion
 33229 | Lair:4   | HP: 1/149 [balrug[Asterion] (16)]
 33229 | Lair:4   | Demolished by a balrug

Illustrated notes

Levels and vault maps discovered:
D:1:      dpeg_arrival_arbitrary_b, layout_basic,
          ebering_ecumenical_altar_sacrificial, minmay_misc_feat_x
D:2:      layout_rooms, grunt_ministairs_13, chequers_big_river
D:3:      layout_loops_corners, small_statue_intersection, eino_tiny_chamber,
          kennysheep_another_room, minmay_misc_feat_iff, minmay_crystal_water
D:4:      layout_basic, uniq_natasha
D:5:      layout_basic, minmay_fire_ice_demons
D:6:      layout_basic, nicolae_shop_gadgets, uniq_maggie, uniq_blork_the_orc
D:7:      layout_rooms, minmay_temple_entry_glass, serial_shops, shop
D:8:      layout_loops_cross, nicolae_overflow_hidden_temple,
          grunt_dithmenos_shadows, lair_entry_dummy
D:9:      layout_basic, uniq_erica
D:10:     layout_long_grid, hangedman_decor_lopped
D:11:     minmay_thinvault, layout_stronghold, erik_orc_1
D:12:     layout_loops_ring
D:13:     layout_cave_pools, uniq_erolcha, uniq_frances
D:14:     minmay_tearing_corner, layout_layer_cave, david_vaults_2,
          nicolae_uskayaw_dance_hall
D:15:     hangedman_depths_entry_civil_slaughter, layout_stronghold,
          serial_bayou_lake_a
Temple:   minmay_crystal_spiral_temple
Lair:1:   cheibrodos_lair_river_kwai, layout_small_grid
Lair:2:   layout_layer_cave, infiniplex_staircase_pool
Lair:3:   layout_roguey, grunt_megastairs_5, serial_bayou_shore_b
Lair:4:   layout_regular_city, minmay_shoals_entry_lonely_mermaid,
          nicolae_spider_entry_orb_guardian, infiniplex_staircase_pool_2
Lair:5:   layout_regular_city, dpeg_slime_entry_enclosed_altar,
          gauntlet_entry_generic, nicolae_lair_yak_garden
Lair:6:   gammafunk_lair_ancient_temple, layout_gridlike,
          grunt_forest_small_clearing_treed
Spider:1: layout_spider_delve, uniq_asterion

Skill      XL: |  1  2  3  4  5  6  7  8  9 10 11 12 13 14 15 16 |
---------------+-------------------------------------------------+-----
Dodging        | 1 2 3 4 5 8 10 11 12 13 | 13.9
Fighting       | 3 4 5 7 9 10 11 13 14 15 | 15.0
Maces & Flails | 1 |  1.3
Polearms       | 1 5 9 12 13 14 | 14.0
Shields        | 3 4 |  4.0
Axes           | 1 8 13 15 16 | 16.1
Short Blades   | |  2.0
Throwing       | |  1.7
Stealth        | |  3.6

Action                   |  1- 3 |  4- 6 |  7- 9 | 10-12 | 13-15 | 16-18 || total
-------------------------+-------+-------+-------+-------+-------+-------++-------
Melee: Dagger            |   148 |       |       |       |       |       ||   148
       Tailslap          |    16 |    19 |    27 |   151 |   276 |     4 ||   493
       Flail             |     7 |   118 |       |       |    17 |       ||   142
       Demon trident     |       |     3 |   152 |       |       |       ||   155
       War axe           |       |       |    53 |   678 |  1118 |    28 ||  1877
       Headbutt          |       |       |       |       |   268 |     7 ||   275
Throw: Dart              |       |       |     3 |       |       |       ||     3
Invok: Divine Shield     |       |       |       |       |     1 |       ||     1
 Abil: Breathe Lightning |       |       |     3 |       |     1 |       ||     4
Evoke: Wand              |       |       |       |       |     1 |       ||     1
  Use: Scroll            |     2 |     7 |     9 |     8 |    12 |     4 ||    42
       Potion            |       |       |       |     2 |    12 |     4 ||    18
 Stab: Sleeping          |     5 |     4 |     4 |       |       |       ||    13
       Distracted        |       |       |     1 |       |       |       ||     1
Armor: Skin              |    41 |    49 |    95 |   166 |   262 |    30 ||   643
Dodge: Dodged            |    88 |   102 |   164 |   444 |   769 |    54 ||  1621
Block: Buckler           |       |       |       |   254 |   389 |    17 ||   660

Table legend: (Time is in decaauts)
 A = Elapsed time spent in this place.
 B = Non-inter-level travel time spent in this place.
 C = Inter-level travel time spent in this place.
 D = Time resting spent in this place.
 E = Time spent auto-exploring this place.
 F = Levels seen in this place.
 G = Mean time per level.
                   A        B        C        D        E       F      G
               +--------+--------+--------+--------+--------+-----+--------+
         Total |  33094 |  31549 |   1545 |  11652 |  14473 |  24 | 1378.9 |
       Dungeon |  22427 |  21270 |   1157 |   8481 |   9524 |  15 | 1495.1 |
        Temple |    219 |    219 |      0 |      0 |    127 |   1 |  219.0 |
          Lair |   8686 |   8299 |    387 |   2220 |   4706 |   6 | 1447.7 |
   Spider Nest |    469 |    469 |      0 |    118 |    116 |   1 |  469.0 |
      Gauntlet |   1291 |   1291 |      0 |    832 |      0 |   1 | 1291.0 |
               +--------+--------+--------+--------+--------+-----+--------+

Top non-repeatable levels by time:
    D:11: 3118 daAuts
     D:6: 2358 daAuts
  Lair:4: 2162 daAuts
    D:12: 2064 daAuts
  Lair:2: 1718 daAuts
    D:14: 1671 daAuts
  Lair:1: 1647 daAuts
     D:9: 1637 daAuts
     D:3: 1635 daAuts
     D:8: 1625 daAuts
     D:5: 1318 daAuts
Gauntlet: 1291 daAuts
    D:10: 1290 daAuts
     D:1: 1278 daAuts
  Lair:5: 1185 daAuts
